 Dungeon Crawl Stone Soup version 0.19.0-9-gfd783f2 (webtiles) character file.

1086 tv1990 the Quickloader (level 8, -1/54 HPs)
             Began as a Formicid Arcane Marksman on Nov 7, 2016.
             Was a Believer of Okawaru.
             Slain by a killer bee (7 damage)
             ... on level 5 of the Dungeon.
             The game lasted 00:11:29 (3831 turns).

tv1990 the Quickloader (Formicid Arcane Marksman)   Turns: 3831, Time: 00:11:30

Health: -1/54      AC:  7    Str: 16    XL:     8   Next: 55%
Magic:  9/9        EV: 10    Int: 13    God:    Okawaru [**....]
Gold:   279        SH:  5    Dex: 12    Spells: 0 memorised, 9 levels left

rFire  . . .     SeeInvis +     a - +1 hand crossbow
rCold  . . .     Gourm    .     x - +0 scale mail
rNeg   . . .     Faith    .     n - +0 buckler
rPois  .         Spirit   .     (helmet unavailable)
rElec  .         Reflect  .     (no cloak)
rCorr  .         Harm     +     (no gloves)
MR     .....                    p - +0 pair of boots
Stlth  ..........               j - amulet of harm
                                (no ring)
                                g - ring of flight

@: lethally poisoned (-1 -> -6)
A: permanent stasis, dig shafts and tunnels, four strong arms, antennae 3
a: Dig, Shaft Self, Heroism, Renounce Religion, Evoke Flight


You were on level 5 of the Dungeon.
You worshipped Okawaru.
Okawaru was pleased with you.
You were not hungry.

You visited 2 branches of the dungeon, and saw 6 of its levels.

You collected 279 gold pieces.

Inventory:

Hand Weapons
 a - a +1 hand crossbow (weapon)
 l - a +0 whip of flaming
 r - a +0 short sword
 t - a +0 trident
Missiles
 d - 17 bolts (quivered)
Armour
 b - a +0 leather armour
 e - a +0 robe
 n - a +0 buckler (worn)
 p - a +0 pair of boots (worn)
 x - a +0 scale mail (worn)
 y - a +0 ring mail
Jewellery
 g - a ring of flight (left hand)
 j - an amulet of harm (around neck)
Wands
 C - a wand of slowing (6/48)
Scrolls
 m - a scroll of blinking {unknown}
 q - a scroll of noise {unknown}
 s - a scroll of enchant armour {unknown}
 w - a scroll of teleportation
 D - a scroll of immolation {unknown}
 F - 2 scrolls of amnesia
 G - a scroll of remove curse
 I - a scroll of recharging {unknown}
 J - a scroll of fear
Potions
 h - a potion of lignification
 i - a potion of magic
 k - a potion of might
 o - a potion of cure mutation
 u - 3 potions of curing
 v - 3 potions of agility {unknown}
 z - a potion of berserk rage
 A - a potion of flight {unknown}
 B - a potion of invisibility {unknown}
 E - a potion of heal wounds {unknown}
Books
 c - a book of Debilitation

   Spells                             Type                      Level
   a - Corona                         Hexes                        1
   b - Slow                           Hexes                        2
   c - Gell's Gravitas                Hexes/Translocation          3
   d - Inner Flame                    Hexes/Fire                   3
   e - Cause Fear                     Hexes                        4
   f - Leda's Liquefaction            Hexes/Earth                  4
 K - a book of Minor Magic

   Spells                             Type                      Level
   a - Magic Dart                     Conjuration                  1
   b - Blink                          Translocation                2
   c - Call Imp                       Summoning                    2
   d - Repel Missiles                 Charms/Air                   2
   e - Slow                           Hexes                        2
   f - Conjure Flame                  Conjuration/Fire             3
   g - Mephitic Cloud                 Conjuration/Poison/Air       3
Comestibles
 f - 4 bread rations
 H - 4 chunks of flesh


   Skills:
 - Level 1.1 Fighting
 + Level 8.6 Crossbows
 - Level 1.7 Dodging
 - Level 5.1 Shields
 - Level 1.1 Spellcasting
   Level 3.6 Hexes


You had 9 spell levels left.
You didn't know any spells.

Dungeon Overview and Level Annotations

Branches:
Dungeon (5/15)             Temple (1/1) D:4

Altars:
Ashenzari
Cheibriados
Elyvilon
Gozag
Hepliaklqana
Makhleb
Nemelex Xobeh
Okawaru
Trog
Uskayaw
Xom
Zin


Innate Abilities, Weirdness & Mutations

You are under a permanent stasis effect.
You can dig through walls and to a lower floor.
Your four strong arms can wield two-handed weapons with a shield.
You have a pair of large antennae on your head. (SInv)


Message History

The killer bee stings you.
* * * LOW HITPOINT WARNING * * *
The killer bee stings you but does no damage.
Firing (i - inventory):
d - 19 bolts (quivered)
Press: ? - help, Shift-Dir - straight line, f/p - killer bee
Aim: a killer bee (moderately wounded)
You shoot a bolt. The bolt closely misses the killer bee.
You block the killer bee's attack. The killer bee barely misses you.
The killer bee stings you.
* * * LOW HITPOINT WARNING * * *
You are poisoned.
The killer bee poisons you!
Firing (i - inventory):
d - 18 bolts (quivered)
Press: ? - help, Shift-Dir - straight line, f/p - killer bee
Aim: a killer bee (moderately wounded)
You shoot a bolt. The bolt misses the killer bee.
You feel sick. The killer bee stings you.
* * * LOW HITPOINT WARNING * * *
The killer bee stings you.
You die...

#.........##.......#..
#.........####.###.#...
#.........# #.# #.#...
#.........# #.# #.#
#......#######.# #.#
#......#.......# #.#
#......#.......###.# #
#......#######.#.#.. =#
#..........@y(..(#.#
..#
#.....########.#.#.#
...# #.....#
#.#.#.#{.{##. #.....#
#.#...y.(...( #.....#
#.#..<...y... #.....#
...........#. #######
##.##.....#.#
#.######.# # # .#


You could see a killer bee.

Vanquished Creatures
  Pikel (D:4)
  A slave (D:4)
  An ogre (D:4)
  2 scorpions
  A killer bee (D:5)
  2 bullfrog skeletons
  3 hounds
  3 orc priests
  10 adders
  2 shadow imps (D:5)
  An ooze (D:3)
  3 worms
  2 dart slugs (D:1)
  4 leopard geckos
  9 orcs
  6 giant cockroaches
  2 goblins (D:1)
  5 hobgoblins
  4 jackals (D:2)
  4 kobolds
  3 quokkas
  8 bats
  10 frilled lizards
  5 rats
92 creatures vanquished.

Notes
Turn   | Place    | Note
-------+----------+-------------------------------------------
     0 | D:1      | tv1990 the Formicid Arcane Marksman began the quest for the Orb.
     0 | D:1      | Reached XP level 1. HP: 15/15 MP: 2/2
   223 | D:1      | Reached XP level 2. HP: 13/21 MP: 3/3
   475 | D:1      | Reached skill level 3 in Crossbows
   575 | D:1      | Reached XP level 3. HP: 26/26 MP: 4/4
   954 | D:2      | Reached skill level 1 in Shields
   979 | D:2      | Reached XP level 4. HP: 28/32 MP: 5/5
  1605 | D:3      | Reached skill level 4 in Crossbows
  1647 | D:3      | Reached XP level 5. HP: 36/37 MP: 6/6
  1859 | D:3      | Found an opulent altar of Gozag.
  1859 | D:3      | Found a hazy altar of Hepliaklqana.
  2400 | D:4      | Noticed an ogre
  2416 | D:4      | Killed an ogre
  2416 | D:4      | Reached XP level 6. HP: 29/43 MP: 7/7
  2472 | D:4      | Reached skill level 5 in Shields
  2731 | D:4      | Reached skill level 5 in Crossbows
  2801 | D:4      | Reached XP level 7. HP: 43/48 MP: 8/8
  2895 | D:4      | Found a staircase to the Ecumenical Temple.
  2902 | Temple   | Entered the Ecumenical Temple
  2917 | Temple   | Became a worshipper of Warmaster Okawaru
  3372 | D:4      | Noticed Pikel
  3392 | D:4      | Killed Pikel
  3392 | D:4      | Reached * piety under Okawaru
  3392 | D:4      | Reached skill level 7 in Crossbows
  3392 | D:4      | Reached XP level 8. HP: 25/54 MP: 9/9
  3555 | D:5      | Entered Level 5 of the Dungeon
  3584 | D:5      | Reached skill level 8 in Crossbows
  3697 | D:5      | Reached ** piety under Okawaru
  3831 | D:5      | Slain by a killer bee

Skill      XL: |  1  2  3  4  5  6  7  8 |
---------------+-------------------------+-----
Crossbows      | 3 4 5 7 8 |  8.6
Shields        | 1 2 4 5 |  5.1
Fighting       | |  1.1
Dodging        | |  1.7
Spellcasting   | |  1.1
Hexes          | |  3.6

Action                   |  1- 3 |  4- 6 |  7- 9 || total
-------------------------+-------+-------+-------++-------
Melee: Short sword       |       |    31 |       ||    31
       Unarmed           |       |     9 |       ||     9
       Trident           |       |    46 |     1 ||    47
 Fire: Hand crossbow     |    70 |    93 |    84 ||   247
 Abil: Dig               |     2 |     3 |     4 ||     9
Evoke: Wand              |       |     2 |     2 ||     4
  Use: Scroll            |     3 |    10 |       ||    13
       Potion            |       |       |     1 ||     1
  Eat: Chunk             |       |     7 |       ||     7
       Meat ration       |       |       |     1 ||     1
Armor: Robe              |    10 |       |       ||    10
       Leather armour    |     2 |    23 |       ||    25
       Ring mail         |       |    13 |       ||    13
       Scale mail        |       |     5 |    26 ||    31
Dodge: Dodged            |    28 |    61 |    24 ||   113
Block: Buckler           |     1 |    16 |    11 ||    28

Table legend:
 A = Turns spent in this place as a percentage of turns spent in the entire game.
 B = Non-inter-level travel turns spent in this place as a percentage of non-inter-level travel turns spent in the entire game.
 C = Inter-level travel turns spent in this place as a percentage of turns spent in this place.
 D = Turns resting spent in this place as a percentage of non-inter-level travel turns spent in this place.
 E = Turns spent auto-exploring this place as a percentage of non-inter-level travel turns spent in this place.
 F = Non-inter-level travel turns spent in this place divided by the number of levels of this place that you've seen.
                   A       B       C       D       E      F
               +-------+-------+-------+-------+-------+----------------------
         Total | 100.0 | 100.0 |   0.4 |   2.3 |  20.9 | 152.0
       Dungeon |  97.2 |  97.1 |   0.4 |   2.4 |  21.3 | 177.2
        Temple |   2.8 |   2.9 |   0.0 |   0.0 |   7.7 |  26.0
               +-------+-------+-------+-------+-------+----------------------

Table legend:
 A = Kills in this place as a percentage of kills in entire the game.
 B = Kills by you in this place as a percentage of kills by you in the entire game.
 C = Kills by friends in this place as a percentage of kills by friends in the entire game.
 D = Other kills in this place as a percentage of other kills in the entire game.
 E = Experience gained in this place as a percentage of experience gained in the entire game.
 F = Experience gained in this place divided by the number of levels of this place that you have seen.
                   A       B       C       D       E      F
               +-------+-------+-------+-------+-------+----------------------
         Total | 100.0 | 100.0 |  -nan |  -nan | 100.0 | 258.7
       Dungeon | 100.0 | 100.0 |  -nan |  -nan | 100.0 | 310.4
               +-------+-------+-------+-------+-------+----------------------

Vault maps used:
D:1:      co_arrival_square_in_a_square_in_a_square, serial_aquarium,
          aquarium_bridge_straight, aquarium_window_2, aquarium_window_2,
          aquarium_view_2b, aquarium_pool_five
D:2:      minmay_pentomino_o4
D:3:      gammafunk_temple_overflow_statue
D:4:      first_bread, serial_bayou_pond_a, uniq_pikel
D:5:      uniq_grinder
Temple:   eino_narrow_crystal_temple
